PIO (24 & UNDER)
EAU CLAIRE ESQUIRES @ JASPER COUGARS
06/01/2030
 
TOP OF THE 1ST
Eau Claire Esquires batting - Pitching for Jasper Cougars : RHP Juan Ortíz
Pitching: RHP Juan Ortíz
Batting: LHB Matt Taylor 0-0: Called Strike
0-1: Ball
1-1: Foul Ball, location: 2F
1-2: Strikes out swinging
Batting: RHB Claudio Rodríguez 0-0: Fly out, F7 (Flyball, 7LD)
Batting: LHB Will Rhodes 0-0: Ball
1-0: Ball
2-0: Ground out 4-3 (Groundball, 4)
Top of the 1st over - 0 runs, 0 hits, 0 errors, 0 left on base; Eau Claire 0 - Jasper 0
BOTTOM OF THE 1ST
Jasper Cougars batting - Pitching for Eau Claire Esquires : RHP Elias Bednell
Pitching: RHP Elias Bednell
Batting: RHB Júlio González 0-0: Called Strike
0-1: Ball
1-1: Swinging Strike
1-2: Ground out 5-3 (Groundball, 5L)
Batting: RHB Félix Sandoval 0-0: Ball
1-0: Foul Ball, location: 2F
1-1: Foul Ball, location: 2F
1-2: Ball
2-2: Ball
3-2: Strikes out swinging
Batting: LHB Iván Soriano 0-0: Ball
1-0: Ball
2-0: Called Strike
2-1: Ball
3-1: Base on Balls
Batting: LHB Luis García 0-0: Fielders Choice at 2nd, 6-4 (Groundball, 6)
Bottom of the 1st over - 0 runs, 0 hits, 0 errors, 1 left on base; Eau Claire 0 - Jasper 0
TOP OF THE 2ND
Eau Claire Esquires batting - Pitching for Jasper Cougars : RHP Juan Ortíz
Batting: SHB Paul Davenport 0-0: Ball
1-0: Swinging Strike
1-1: Foul Ball, location: 2F
1-2: Ball
2-2: Foul Ball, location: 2F
2-2: Ball
3-2: Base on Balls
Batting: LHB Caleb Ruíz 0-0: Ball
1-0: Ball
2-0: Ball
3-0: Called Strike
3-1: Base on Balls
Paul Davenport to second
Batting: LHB Johnny Foley 0-0: Swinging Strike
0-1: Foul Ball, location: 2F
0-2: Strikes out swinging
Batting: RHB Tom McBride 0-0: Ball
1-0: Ball
2-0: Ball
3-0: Called Strike
3-1: DOUBLE (Line Drive, 89D)
Paul Davenport scores
Caleb Ruíz to third
Batting: RHB Tomás Rivera 0-0: Called Strike
0-1: Ball
1-1: Ball
2-1: Ball
3-1: Swinging Strike
3-2: Base on Balls
Batting: RHB Silas Small 0-0: Called Strike
0-1: Ball
1-1: Ball
2-1: SINGLE (Groundball, 6MD)
Caleb Ruíz scores
Tom McBride to third
Tomás Rivera to second
Runner from 3rd tries for Home, SAFE, no throw
Batting: LHB Matt Taylor 0-0: Ball
1-0: Foul Ball, location: 2F
1-1: DOUBLE (Line Drive, 89D)
Tomás Rivera scores
Silas Small to third
Batting: RHB Claudio Rodríguez 0-0: Called Strike
0-1: Foul Ball, location: 2F
0-2: Fly out, F8 (Flyball, 8RS)
Runner from 3rd tags up, SCORES, no throw
Batting: LHB Will Rhodes 0-0: Ball
1-0: Reached on error, E6 (Groundball, 6)
Matt Taylor to third
Batting: SHB Paul Davenport 0-0: Called Strike
0-1: Fly out, F9 (Flyball, 9S)
Top of the 2nd over - 5 runs, 3 hits, 1 error, 2 left on base; Eau Claire 5 - Jasper 0
BOTTOM OF THE 2ND
Jasper Cougars batting - Pitching for Eau Claire Esquires : RHP Elias Bednell
Batting: RHB Ben Wilson 0-0: Ball
1-0: SOLO HOME RUN (Line Drive, 7D), Distance : 361 ft
Batting: SHB Jerry Young 0-0: Ball
1-0: Ball
2-0: Called Strike
2-1: SINGLE (Flyball, 78S)
Batting: RHB Brent Allen 0-0: Ball
1-0: Fly out, F9 (Flyball, 9)
Batting: RHB Alberto Morín 0-0: Ball
Jerry Young steals 2nd base
1-0: Foul Ball, location: 2F
1-1: Fly out, F6 (Line Drive, 6)
Batting: RHB Alberto Castillo 0-0: Called Strike
0-1: Ground out 6-3 (Groundball, 6)
Bottom of the 2nd over - 1 run, 2 hits, 0 errors, 1 left on base; Eau Claire 5 - Jasper 1
TOP OF THE 3RD
Eau Claire Esquires batting - Pitching for Jasper Cougars : RHP Juan Ortíz
Batting: LHB Caleb Ruíz 0-0: Ball
1-0: Ball
2-0: Ball
3-0: Called Strike
3-1: Ground out 4-3 (Groundball, 4)
Batting: LHB Johnny Foley 0-0: Called Strike
0-1: Foul Ball, location: 2F
0-2: Ball
1-2: Ball
2-2: Foul Ball, location: 2F
2-2: Ball
3-2: Base on Balls
Batting: RHB Tom McBride 0-0: Called Strike
0-1: Fly out, F6 (Popup, 6)
Batting: RHB Tomás Rivera 0-0: Ball
1-0: Ball
Johnny Foley steals 2nd base
2-0: Swinging Strike
2-1: Called Strike
2-2: Ball
3-2: Strikes out swinging
Top of the 3rd over - 0 runs, 0 hits, 0 errors, 1 left on base; Eau Claire 5 - Jasper 1
BOTTOM OF THE 3RD
Jasper Cougars batting - Pitching for Eau Claire Esquires : RHP Elias Bednell
Batting: RHB Júlio González 0-0: Ball
1-0: Foul Ball, location: 2F
1-1: Ball
2-1: Foul Ball, location: 2F
2-2: Ball
3-2: Fly out, F3 (Line Drive, 34D)
Batting: RHB Félix Sandoval 0-0: SINGLE (Groundball, 6D)
Batting: LHB Iván Soriano 0-0: Foul Ball, location: 2F
0-1: Ball
1-1: Swinging Strike
1-2: Foul Ball, location: 2F
1-2: Foul Ball, location: 2F
1-2: Ball
2-2: Foul Ball, location: 2F
2-2: Fly out, F5 (Popup, 6S)
Batting: LHB Luis García 0-0: Ball
1-0: Ball
2-0: Ball
3-0: Called Strike
3-1: Foul Ball, location: 2F
3-2: Ground out U3 (Groundball, 3L)
Bottom of the 3rd over - 0 runs, 1 hit, 0 errors, 1 left on base; Eau Claire 5 - Jasper 1
TOP OF THE 4TH
Eau Claire Esquires batting - Pitching for Jasper Cougars : RHP Juan Ortíz
Batting: RHB Silas Small 0-0: Called Strike
0-1: Ball
1-1: DOUBLE (Groundball, 5L)
Batting: LHB Matt Taylor 0-0: Swinging Strike
0-1: Called Strike
0-2: Foul Ball, location: 2F
0-2: Strikes out swinging
Batting: RHB Claudio Rodríguez 0-0: Ball
1-0: Ball
2-0: Foul Ball, location: 2F
2-1: Foul Ball, location: 2F
2-2: Strikes out looking
Batting: LHB Will Rhodes 0-0: SINGLE (Groundball, 34D)
Silas Small to third
Batting: SHB Paul Davenport 0-0: Ball
Balk!
Silas Small scores
Will Rhodes to second
1-0: Called Strike
1-1: Ball
2-1: Ball
3-1: Base on Balls
Pitching: RHP Mario Pagán
Batting: LHB Caleb Ruíz 0-0: Foul Ball, location: 2F
0-1: Hit by Pitch
Will Rhodes to third
Paul Davenport to second
Batting: LHB Johnny Foley 0-0: Called Strike
0-1: SINGLE (Line Drive, 7LS)
Will Rhodes scores
Paul Davenport to third
Caleb Ruíz to second
Batting: RHB Tom McBride 0-0: Called Strike
0-1: Ball
1-1: Foul Ball, location: 2F
1-2: Foul Ball, location: 2F
1-2: Foul Ball, location: 2F
1-2: Foul Ball, location: 2F
1-2: Ball
2-2: Ball
3-2: Foul Ball, location: 2F
3-2: Foul Ball, location: 2F
3-2: Base on Balls
Paul Davenport scores
Caleb Ruíz to third
Johnny Foley to second
Batting: RHB Tomás Rivera 0-0: Foul Ball, location: 2F
0-1: SINGLE (Groundball, 5) (infield hit)
Caleb Ruíz scores
Johnny Foley to third
Tom McBride to second
Batting: RHB Silas Small 0-0: Ball
1-0: Ball
2-0: Fielders Choice at 2nd, 5-4 (Groundball, 5L)
Top of the 4th over - 4 runs, 4 hits, 0 errors, 3 left on base; Eau Claire 9 - Jasper 1
BOTTOM OF THE 4TH
Jasper Cougars batting - Pitching for Eau Claire Esquires : RHP Elias Bednell
Batting: RHB Ben Wilson 0-0: Swinging Strike
0-1: SINGLE (Line Drive, 9S)
Batting: SHB Jerry Young 0-0: Swinging Strike
0-1: 2-RUN HOME RUN (Flyball, 7D), Distance : 349 ft
Batting: RHB Brent Allen 0-0: Ball
1-0: Foul Ball, location: 2F
1-1: Ball
2-1: Ball
3-1: Base on Balls
Batting: RHB Alberto Morín 0-0: Swinging Strike
0-1: Foul Ball, location: 2F
0-2: Strikes out swinging
Batting: RHB Alberto Castillo 0-0: Ball
1-0: Called Strike
1-1: Swinging Strike
1-2: Strikes out looking
Batting: RHB Júlio González 0-0: Called Strike
0-1: Ball
1-1: Ball
2-1: Called Strike
2-2: Foul Ball, location: 2F
2-2: Ball
3-2: Ground out 6-3 (Groundball, 6)
Bottom of the 4th over - 2 runs, 2 hits, 0 errors, 1 left on base; Eau Claire 9 - Jasper 3
TOP OF THE 5TH
Eau Claire Esquires batting - Pitching for Jasper Cougars : RHP Mario Pagán
Batting: LHB Matt Taylor 0-0: Ball
1-0: Fly out, F8 (Flyball, 8LS)
Batting: RHB Claudio Rodríguez 0-0: Ball
1-0: Foul Ball, location: 2F
1-1: Swinging Strike
1-2: Strikes out swinging
Batting: LHB Will Rhodes 0-0: Swinging Strike
0-1: Swinging Strike
0-2: Ball
1-2: DOUBLE (Groundball, 5L)
Batting: SHB Paul Davenport 0-0: SINGLE (Groundball, 34D)
Will Rhodes to third
Batting: LHB Caleb Ruíz 0-0: Swinging Strike
0-1: Called Strike
0-2: Ball
1-2: Ball
2-2: Foul Ball, location: 2F
2-2: Ball
3-2: Strikes out swinging
Top of the 5th over - 0 runs, 2 hits, 0 errors, 2 left on base; Eau Claire 9 - Jasper 3
BOTTOM OF THE 5TH
Jasper Cougars batting - Pitching for Eau Claire Esquires : RHP Elias Bednell
Batting: RHB Félix Sandoval 0-0: Ball
1-0: Ground out 5-3 (Groundball, 56)
Batting: LHB Iván Soriano 0-0: Ball
1-0: Called Strike
1-1: Swinging Strike
1-2: Strikes out swinging
Batting: LHB Luis García 0-0: Called Strike
0-1: Ball
1-1: Foul Ball, location: 2F
1-2: Ball
2-2: Strikes out looking
Bottom of the 5th over - 0 runs, 0 hits, 0 errors, 0 left on base; Eau Claire 9 - Jasper 3
TOP OF THE 6TH
Eau Claire Esquires batting - Pitching for Jasper Cougars : RHP Mario Pagán
Batting: LHB Johnny Foley 0-0: Called Strike
0-1: Ball
1-1: Ball
2-1: Ball
3-1: Called Strike
3-2: Fly out, F1 (Line Drive, 15S)
Batting: RHB Tom McBride 0-0: Ground out 4-3 (Groundball, 4)
Batting: RHB Tomás Rivera 0-0: Ball
1-0: Called Strike
1-1: Hit by Pitch
Batting: RHB Silas Small 0-0: Ball
1-0: Ball
2-0: Fly out, F7 (Flyball, 78S)
Top of the 6th over - 0 runs, 0 hits, 0 errors, 1 left on base; Eau Claire 9 - Jasper 3
BOTTOM OF THE 6TH
Jasper Cougars batting - Pitching for Eau Claire Esquires : RHP Elias Bednell
Batting: RHB Ben Wilson 0-0: SINGLE (Groundball, 6S) (infield hit)
Batting: SHB Jerry Young 0-0: Ball
1-0: Called Strike
1-1: Foul Ball, location: 2F
1-2: Strikes out swinging
Batting: RHB Brent Allen 0-0: Ball
1-0: Ball
Ben Wilson steals 2nd base
2-0: Called Strike
2-1: Called Strike
2-2: Strikes out swinging
Batting: RHB Alberto Morín 0-0: Called Strike
0-1: Ball
1-1: Ball
2-1: Foul Ball, location: 2F
2-2: Ball
3-2: Strikes out swinging, 2-3 out at first.
Bottom of the 6th over - 0 runs, 1 hit, 0 errors, 1 left on base; Eau Claire 9 - Jasper 3
TOP OF THE 7TH
Eau Claire Esquires batting - Pitching for Jasper Cougars : RHP Mario Pagán
Batting: LHB Matt Taylor 0-0: Ground out 4-3 (Groundball, 4)
Batting: RHB Claudio Rodríguez 0-0: Ball
1-0: Ball
2-0: Foul Ball, location: 2F
2-1: Foul Ball, location: 2F
2-2: Foul Ball, location: 2F
2-2: Foul Ball, location: 2F
2-2: Strikes out swinging
Batting: LHB Will Rhodes 0-0: Called Strike
0-1: Fly out, F9 (Line Drive, 9)
Top of the 7th over - 0 runs, 0 hits, 0 errors, 0 left on base; Eau Claire 9 - Jasper 3
BOTTOM OF THE 7TH
Jasper Cougars batting - Pitching for Eau Claire Esquires : RHP Elias Bednell
Pitching: RHP Rich Wright
Batting: RHB Alberto Castillo 0-0: Called Strike
0-1: Ball
1-1: Foul Ball, location: 2F
1-2: Ball
2-2: Ball
3-2: Strikes out looking
Batting: RHB Júlio González 0-0: Foul Ball, location: 2F
0-1: Foul Ball, location: 2F
0-2: Foul Ball, location: 2F
0-2: Ball
1-2: SINGLE (Groundball, 4MD)
Batting: RHB Félix Sandoval 0-0: Called Strike
0-1: Ball
1-1: Ball
2-1: Fly out, F9 (Flyball, 9D)
Batting: LHB Iván Soriano 0-0: Ball
1-0: Foul Ball, location: 2F
1-1: Swinging Strike
1-2: Foul Ball, location: 2F
1-2: Strikes out swinging
Bottom of the 7th over - 0 runs, 1 hit, 0 errors, 1 left on base; Eau Claire 9 - Jasper 3
TOP OF THE 8TH
Eau Claire Esquires batting - Pitching for Jasper Cougars : RHP Mario Pagán
Batting: SHB Paul Davenport 0-0: Ball
1-0: Ball
2-0: Foul Ball, location: 2F
2-1: DOUBLE (Groundball, 3L)
Pitching: RHP Troy Perkins
Batting: LHB Caleb Ruíz 0-0: Ball
1-0: Ball
2-0: Called Strike
2-1: Ball
3-1: Base on Balls
Batting: LHB Johnny Foley 0-0: Ball
1-0: Fly out, F9 (Flyball, 9LM)
Batting: RHB Tom McBride 0-0: Called Strike
0-1: Ball
1-1: Ball
2-1: Called Strike
2-2: Strikes out swinging
Batting: RHB Tomás Rivera 0-0: Foul Ball, location: 2F
0-1: Ball
1-1: Fly out, F8 (Flyball, 78M)
Top of the 8th over - 0 runs, 1 hit, 0 errors, 2 left on base; Eau Claire 9 - Jasper 3
BOTTOM OF THE 8TH
Jasper Cougars batting - Pitching for Eau Claire Esquires : RHP Rich Wright
Batting: LHB Luis García 0-0: Ball
1-0: SINGLE (Groundball, 4D)
Batting: RHB Ben Wilson 0-0: Swinging Strike
0-1: Ball
1-1: Swinging Strike
1-2: Foul Ball, location: 2F
1-2: Ball
2-2: Strikes out looking
Batting: SHB Jerry Young 0-0: Ball
1-0: SINGLE (Groundball, 56D)
Luis García to second
Batting: RHB Brent Allen 0-0: Ball
1-0: Swinging Strike
1-1: Ball
2-1: Called Strike
2-2: Strikes out swinging
Batting: RHB Alberto Morín 0-0: Called Strike
0-1: Ball
1-1: Ball
2-1: SINGLE (Line Drive, 5L)
Luis García to third
Jerry Young to second
Runner from 3rd tries for Home, SAFE, no throw
Batting: RHB Alberto Castillo 0-0: Ball
Wild Pitch!
Jerry Young to third
Alberto Morín to second
1-0: Called Strike
1-1: Ball
2-1: Ball
3-1: Fly out, F8 (Flyball, 89S)
Bottom of the 8th over - 1 run, 3 hits, 0 errors, 2 left on base; Eau Claire 9 - Jasper 4
TOP OF THE 9TH
Eau Claire Esquires batting - Pitching for Jasper Cougars : RHP Troy Perkins
Batting: RHB Silas Small 0-0: Ball
1-0: Called Strike
1-1: Ball
2-1: Ball
3-1: Fly out, F9 (Flyball, 9)
Batting: LHB Matt Taylor 0-0: Foul Ball, location: 2F
0-1: Foul Ball, location: 2F
0-2: Foul Ball, location: 2F
0-2: Ground out 6-3 (Groundball, 6)
Batting: RHB Claudio Rodríguez 0-0: Swinging Strike
0-1: Ball
1-1: Swinging Strike
1-2: Ball
2-2: Ball
3-2: Foul Ball, location: 2F
3-2: Strikes out looking
Top of the 9th over - 0 runs, 0 hits, 0 errors, 0 left on base; Eau Claire 9 - Jasper 4
BOTTOM OF THE 9TH
Jasper Cougars batting - Pitching for Eau Claire Esquires : RHP Rich Wright
Now at 2B: Kyle McIntyre
Batting: RHB Júlio González 0-0: SINGLE (Line Drive, 9S)
Batting: RHB Félix Sandoval 0-0: SINGLE (Groundball, 4D)
Júlio González to second
Batting: LHB Iván Soriano 0-0: Ball
Wild Pitch!
Júlio González to third
Félix Sandoval to second
1-0: Called Strike
1-1: Foul Ball, location: 2F
1-2: Foul Ball, location: 2F
1-2: Ground out 3-1 (Groundball, 34)
Júlio González scores
Félix Sandoval to third
Pitching: RHP Shaun Harris
Batting: LHB Luis García 0-0: Called Strike
0-1: Called Strike
0-2: Ball
1-2: Foul Ball, location: 2F
1-2: Ball
2-2: Foul Ball, location: 2F
2-2: Ball
3-2: Ground out 6-3 (Groundball, 6)
Félix Sandoval scores
Batting: RHB Ben Wilson 0-0: TRIPLE (Flyball, 78XD)
Pitching: RHP Tim Horton
Batting: SHB Jerry Young 0-0: Ball
1-0: Ball
2-0: Called Strike
2-1: Fly out, F8 (Flyball, 8RM)
Bottom of the 9th over - 2 runs, 3 hits, 0 errors, 1 left on base; Eau Claire 9 - Jasper 6
Saturday, April 7th, 2018 - OOTP Baseball 18.8 Build 76